 Dungeon Crawl Stone Soup version 0.28.0-43-g3370ac3207 (webtiles) character file.

Game seed: 11621731331323289520

64 mortz the Skirmisher (level 4, -1/40 HPs)
             Began as a Hill Orc Fighter on Mar 7, 2022.
             Slain by a scorpion (8 damage)
             ... on level 4 of the Dungeon.
             The game lasted 00:09:38 (3433 turns).

mortz the Skirmisher (Hill Orc Fighter)             Turns: 3433, Time: 00:09:38

Health: -1/40      AC:  7    Str: 26    XL:     4   Next: 12%
Magic:  4/4        EV:  9    Int:  8    God:
Gold:   154        SH:  4    Dex: 10    Spells: 3/3 levels left

rFire   . . .      SeeInvis .   a - +0 long sword {long}
rCold   . . .      Faith    .   c - +0 buckler
rNeg    . . .      Spirit   .   b - +0 scale mail
rPois   .          Reflect  .   (no helmet)
rElec   .          Harm     .   (no cloak)
rCorr   .          Rampage  .   (no gloves)
Will    .....                   (no boots)
Stlth   ..........              (no amulet)
HPRegen 0.13/turn               r - +6 ring of strength
MPRegen 0.09/turn               (no ring)

@: no status effects
A: no striking features
a: no special abilities


You were on level 4 of the Dungeon.
You visited 1 branch of the dungeon, and saw 4 of its levels.

You collected 154 gold pieces.


   Skills:
 + Level 4.2 Fighting
 + Level 3.1 Long Blades
 + Level 4.0 Armour
 + Level 0.5 Dodging
 + Level 3.5 Shields


You had 3 spell levels left.
You didn't know any spells.
Your spell library contained the following spells:

 Spells                   Type           Power      Damage    Failure   Level
 Stone Arrow              Conj/Erth      0%         3d7       98%         3
 Animate Armour           Summ/Erth      0%         N/A       100%        4
 Lehudib's Crystal Spear  Conj/Erth      0%         10d2      100%        8

Inventory:

Hand Weapons
 a - a +0 long sword (weapon) {long}
 m - a +0 morningstar {mace}
   (You took it off an orc on level 3 of the Dungeon)
Missiles
 i - 27 stones (quivered) {throwing}
 q - 6 boomerangs {throwing}
Armour
 b - a +0 scale mail (worn)
 c - a +0 buckler (worn)
 o - a +2 robe of willpower
   (You found it on level 3 of the Dungeon)
Jewellery
 r - a +6 ring of strength (left hand)
   (You found it on level 4 of the Dungeon)
Scrolls
 h - a scroll of enchant weapon {unknown}
 j - a scroll of enchant armour {unknown}
 p - a scroll of fear {unknown}
 s - a scroll of teleportation {unknown}
Potions
 d - a potion of might
 e - a potion of heal wounds {unknown}
 f - 2 potions of curing {unknown}
 g - a potion of mutation {unknown}
 k - a potion of haste {unknown}
 l - a potion of ambrosia {unknown}
 n - a potion of brilliance {unknown}

Dungeon Overview and Level Annotations

Branches:
Dungeon (4/15)
 Temple: D:4-7

Altars:
Qazlal
Sif Muna
Vehumet

##.. #...##
#...[# #
#....####.####.
#.......{......
#...#.###.####.
#...#.#......#
#...'.so#.##..
######...##@.#.#
..
#........#<..#.#
.
#........##..#.#
#....†...+.#.#.#
#........#.#...#
#........#.##..#
#........#.##..#
#........#....>#
#........#######


You could see a scorpion and an orc.


Message History

q - 6 boomerangs {throwing}
Found a faded altar of an unknown god.
You now have 139 gold pieces (gained 8).
You enter the shallow water.
Moving in this stuff is going to be slow.
There is a stone staircase leading up here.
There is a stone staircase leading up here.
You see here 15 bolts.
You open the door.
Found a shimmering blue altar of Sif Muna.
There is an open door here.
There is an open door here.
You see here 23 arrows.
You now have 146 gold pieces (gained 7).
You enter the shallow water.
Moving in this stuff is going to be slow.
You enter the shallow water.
Moving in this stuff is going to be slow.
You enter the shallow water.
Moving in this stuff is going to be slow.
Partly explored, can't reach some places.
There is a stone staircase leading down here.
You climb downwards.
Found a glowing black potion and an emerald ring.
Found a stone staircase leading down.
There is a stone staircase leading up here.
f - 2 glowing black potions (gained 1)
r - a +6 ring of strength You feel stronger.
r - a +6 ring of strength (left hand)
s - a scroll labelled HOWEOSAOMO As you open the door, it creaks loudly!
You hear a shout!
There is an open door here.
A giant cockroach comes into view.
You hit the giant cockroach.
The giant cockroach bites you but does no damage.
You block the giant cockroach's attack.
You hit the giant cockroach.
You kill the giant cockroach!
You pick up a book of Armaments and begin reading...
You add the spells Stone Arrow, Animate Armour and Lehudib's Crystal Spear to your library.
You see here a giant cockroach corpse.
You now have 154 gold pieces (gained 8).
There is an open door here.
A scorpion comes into view.
An orc comes into view. It is wielding a +0 flail.
The orc shouts!
You closely miss the scorpion. The scorpion closely misses you.
You block the scorpion's attack.
You hit the scorpion. The scorpion stings you.
An orc wizard comes into view. It is wielding a +0 mace. 😕 HP[-6]
You take 6 damage, and now have 34/40 hp.
You barely miss the scorpion.
The orc wizard shouts!
The scorpion closely misses you. The scorpion stings you. 😮 HP[-4]
You take 4 damage, and now have 30/40 hp.
You hit the scorpion.
The scorpion stings you but does no damage.
An orc wizard comes into view. It is wielding a +0 dagger.
The scorpion stings you. 😮 HP[-2]
You take 2 damage, and now have 28/40 hp.
You barely miss the scorpion.
The orc wizard shouts!
You block the scorpion's attack.
You barely miss the scorpion. The scorpion stings you. x2
You are poisoned.
The scorpion poisons you! 😮 HP[-6]
You take 6 damage, and now have 22/40 hp.
You hit the scorpion.
You feel very sick.
The scorpion barely misses you. 😨 HP[-3]
You take 3 damage, and now have 19/40 hp.
You hit the scorpion.
You feel sick. The scorpion closely misses you.
The orc wizard gestures wildly while chanting.
The orc wizard flickers and vanishes!
Deactivating autopickup; reactivate with Ctrl-A.
The scorpion stings you!
* * * LOW HITPOINT WARNING * * *
😱 HP[-9]
You take 9 damage, and now have 10/40 hp.
MASSIVE DAMAGE!! (PAUSE)
You feel sick. 😱 HP[-1]
You take 1 damage, and now have 9/40 hp.
You feel sick.
You feel sick. 😱 HP[-1]
You take 1 damage, and now have 8/40 hp.
You feel sick.
You are no longer poisoned.
The orc barely misses you. 😱 HP[-1]
You take 1 damage, and now have 7/40 hp.
The orc barely misses you. The scorpion stings you!
You die...

Skill      XL: |  1  2  3 |
---------------+----------+-----
Fighting       | 4 |  4.2
Long Blades    | 3 |  3.1
Armour         | 4 |  4.0
Dodging        | |  0.5
Shields        | |  3.5

Action                   |  1- 3 |  4- 6 || total
-------------------------+-------+-------++-------
Melee: Long sword        |   160 |    12 ||   172
Throw: Stone             |     2 |       ||     2
Armor: Scale mail        |    62 |     2 ||    64
Dodge: Dodged            |    62 |     6 ||    68
Block: Buckler           |    29 |     3 ||    32

Levels and vault maps discovered:
D:1:      saegor_arrival_under_anarchy, layout_basic, minmay_lizard_pond
D:2:      layout_loops_corners, basic_altar
D:3:      layout_loops_ring, nicolae_sif_muna_little_library,
          general_overflow_altar, serial_rivers, chequers_serial_rivers_small_b,
          chequers_serial_rivers_marsh, chequers_serial_rivers_room_b,
          chequers_serial_rivers_large_a, chequers_serial_rivers_room_a,
          hellmonk_ecumenical_altar_leap_of_faith
D:4:      layout_basic, uniq_duvessa, uniq_blork_the_orc, uniq_sigmund

Notes
Turn   | Place    | Note
-------+----------+-------------------------------------------
     0 | D:1      | mortz the Hill Orc Fighter began the quest for the Orb.
     0 | D:1      | Reached XP level 1. HP: 19/19 MP: 1/1
     0 | D:1      | magus.rc [v1.9.6]
   260 | D:1      | Reached skill level 4 in Fighting
   260 | D:1      | Reached XP level 2. HP: 24/27 MP: 2/2
   823 | D:1      | Reached XP level 3. HP: 33/33 MP: 3/3
  1292 | D:2      | Found a radiant altar of Vehumet.
  2012 | D:2      | Reached skill level 3 in Long Blades
  2549 | D:3      | HP: 5/33 [hobgoblin/+0 short sword (7)]
  2888 | D:3      | Reached skill level 4 in Armour
  2888 | D:3      | Reached XP level 4. HP: 40/40 MP: 4/4
  3021 | D:3      | Found a stormy altar of Qazlal.
  3102 | D:3      | Found a faded altar of an unknown god.
  3231 | D:3      | Found a shimmering blue altar of Sif Muna.
  3399 | D:4      | You pick up a book of Armaments and begin reading...
  3399 | D:4      | You add the spells Stone Arrow, Animate Armour and
                  | Lehudib's Crystal Spear to your library.
  3414 | D:4      | Noticed a scorpion
  3428 | D:4      | HP: 10/40 [scorpion (8)]
  3433 | D:4      | Slain by a scorpion

Vanquished Creatures
  2 worms (D:3)
  2 dart slugs
  2 orcs
  4 endoplasms
  2 giant cockroaches
  5 goblins
  7 hobgoblins
  2 jackals (D:1)
  2 kobolds
  2 quokkas (D:1)
  3 ball pythons
  2 bats (D:2)
  11 frilled lizards
  3 rats
49 creatures vanquished.

Table legend:
 A = Non-vault XP
 B = Vault XP
 C = Vault XP percentage of total XP
 D = Non-vault monster count
 E = Vault monster count
 F = Vault count percentage of total count
                 A         B        C        D         E       F
            +---------+---------+-------+---------+---------+-------
      Total |      83 |       9 |   9.8 |      40 |       9 |  18.4
            +---------+---------+-------+---------+---------+-------
        D:1 |      37 |       9 |  19.6 |      19 |       9 |  32.1
        D:2 |      17 |       0 |   0.0 |      10 |       0 |   0.0
        D:3 |      27 |       0 |   0.0 |      10 |       0 |   0.0
        D:4 |       2 |       0 |   0.0 |       1 |       0 |   0.0
            +---------+---------+-------+---------+---------+-------

Illustrated notes

Table legend:
 A = Kills in this place as a percentage of kills in entire the game.
 B = Kills by you in this place as a percentage of kills by you in the entire game.
 C = Kills by friends in this place as a percentage of kills by friends in the entire game.
 D = Other kills in this place as a percentage of other kills in the entire game.
 E = Experience gained in this place as a percentage of experience gained in the entire game.
 F = Experience gained in this place divided by the number of levels of this place that you have seen.
                   A       B       C       D       E      F
               +-------+-------+-------+-------+-------+----------------------
         Total | 100.0 | 100.0 |   N/A |   N/A | 100.0 |  23.0
       Dungeon | 100.0 | 100.0 |   N/A |   N/A | 100.0 |  23.0
               +-------+-------+-------+-------+-------+----------------------

Table legend: (Time is in decaauts)
 A = Elapsed time spent in this place.
 B = Non-inter-level travel time spent in this place.
 C = Inter-level travel time spent in this place.
 D = Time resting spent in this place.
 E = Time spent auto-exploring this place.
 F = Levels seen in this place.
 G = Mean time per level.
                   A        B        C        D        E       F      G
               +--------+--------+--------+--------+--------+-----+--------+
         Total |   3497 |   3401 |     96 |      0 |   2902 |   4 |  874.2 |
       Dungeon |   3497 |   3401 |     96 |      0 |   2902 |   4 |  874.2 |
               +--------+--------+--------+--------+--------+-----+--------+

Top non-repeatable levels by time:
     D:1: 1294 daAuts
     D:3: 1220 daAuts
     D:2: 917 daAuts
     D:4: 64 daAuts
